 Dungeon Crawl Stone Soup version 0.26.0-45-g9c1d065592 (webtiles) character file.

Game seed: 14857302013599651428

73 thiole the Sneak (level 4, -2/27 HPs)
             Began as an Octopode Hedge Wizard on Jan 27, 2021.
             Shot with a stone by a goblin (6 damage)
             ... led by Robin
             ... on level 2 of the Dungeon.
             The game lasted 00:02:11 (1558 turns).

thiole the Sneak (Octopode Hedge Wizard)            Turns: 1558, Time: 00:02:11

Health: -2/27      AC:  3    Str:  9    XL:     4   Next: 27%
Magic:  1/9        EV: 13    Int: 17    God:
Gold:   50         SH:  0    Dex: 11    Spells: 1/9 levels left

rFire    . . .     SeeInvis .   a - +0 dagger
rCold    . . .     Faith    .   (no shield)
rNeg     . . .     Spirit   .   j - +2 hat
rPois    .         Reflect  .   (no amulet)
rElec    .         Harm     .   (no ring)
rCorr    .         Rampage  .   (no ring)
Will     .....                  (no ring)
Stlth    +++.......             (no ring)
HPRegen  0.09/turn              (no ring)
MPRegen  0.11/turn              (no ring)
                                (no ring)
                                (no ring)

@: no status effects
A: almost no armour, stealthy swim, amphibious, 8 rings, constrict 8, camouflage
1, gelatinous body 1
a: no special abilities


You were on level 2 of the Dungeon.
You visited 1 branch of the dungeon, and saw 2 of its levels.

You collected 50 gold pieces.

Inventory:

Hand Weapons
 a - a +0 dagger (weapon)
Armour
 b - a +0 hat
 j - a +2 hat (worn)
Scrolls
 e - 2 scrolls of remove curse {unknown}
 f - a scroll of fog {unknown}
 g - 3 scrolls of identify {unknown}
Potions
 c - a potion of invisibility {unknown}
 d - a potion of flight {unknown}
 h - a potion of brilliance {unknown}
 i - a potion of might {unknown}


   Skills:
 - Level 2.0 Dodging
 + Level 3.7 Stealth
 + Level 3.3 Spellcasting
 - Level 2.0 Conjurations
 - Level 2.0 Summonings
 - Level 1.0 Translocations
 * Level 0.7 Air Magic
 * Level 1.0 Poison Magic


You had one spell level left.
You knew the following spells:

 Your Spells              Type           Power        Failure   Level
a - Magic Dart            Conj           36%          8%          1
b - Call Imp              Summ           9%           11%         2
c - Blink                 Tloc           N/A          17%         2
d - Mephitic Cloud        Conj/Pois/Air  7%           30%         3

Your spell library contained the following spells:

 Spells                   Type           Power        Failure   Level
 Slow                     Hex            2%           26%         2
 Conjure Flame            Conj/Fire      6%           32%         3


Dungeon Overview and Level Annotations

Branches:
Dungeon (2/15)

Altars:


Innate Abilities, Weirdness & Mutations

You cannot wear most types of armour.
You are very stealthy in the water. (Stealth+)
You are amphibious.
You can wear up to eight rings at the same time.
You can use your tentacles to constrict eight enemies at once.
Your skin changes colour to match your surroundings (Stealth+).
Your rubbery body absorbs attacks. (AC +1, EV +1)


Message History

You closely miss the kobold. You grab the kobold.
You constrict the kobold, but do no damage.
Your crimson imp hits the kobold.
The kobold hits you with a +0 club.
Your white imp gestures at the kobold.
The puff of frost hits the kobold!
The kobold dies!
Your Poison Magic skill increases to level 1!
The goblin shoots a stone.
The stone misses you.
Your crimson imp blinks!
The goblin shoots a stone.
The stone hits you.
* * * LOW HITPOINT WARNING * * *
The stone freezes you.
* * * LOW HITPOINT WARNING * * *
The goblin shoots a stone.
The stone hits your white imp.
Your crimson imp hits the goblin.
Your crimson imp blinks!
The goblin shoots a stone.
The stone closely misses your white imp.
The stone hits you.
You die...

# #.# #####...
....... ........
..#.#.# ........
#.†.#.# ...
#####.## #......
..# †..... #..##.#
..# ######
#..##.######..#
.... #..##5)§......
#### #..@5g)#####§#
#.###)#.####.####.#
#.##.###..†gg)gg...
#.###.#.####)##.g..
##.####.## .# .
###...# ### J.
#...#.# .## #.#.).#
g# #.##### ..


You could see a goblin, a friendly crimson imp (summoned) and a friendly white
imp (summoned).

Vanquished Creatures
  An adder (D:2)
  A worm (D:2)
  A leopard gecko (D:1)
  A ball python (D:1)
  2 giant cockroaches (D:1)
  11 goblins
  6 hobgoblins
  2 jackals (D:2)
  A quokka (D:2)
  3 bats
  2 frilled lizards
  4 kobolds
  6 rats
41 creatures vanquished.

Vanquished Creatures (collateral kills)
  Robin (D:2)
  An ooze (D:2)
  3 goblins (D:2)
  2 hobgoblins (D:2)
  A kobold (D:2)
  A frilled lizard (D:2)
  A rat (D:2)
10 creatures vanquished.

Grand Total: 51 creatures vanquished

Notes
Turn   | Place    | Note
-------+----------+-------------------------------------------
     0 | D:1      | thiole the Octopode Hedge Wizard began the quest for the
                  | Orb.
     0 | D:1      | Reached XP level 1. HP: 11/11 MP: 4/4
   174 | D:1      | Reached XP level 2. HP: 17/17 MP: 0/6
   599 | D:1      | Reached XP level 3. HP: 18/21 MP: 7/7
  1293 | D:2      | Learned a level 2 spell: Call Imp
  1296 | D:2      | Learned a level 2 spell: Blink
  1300 | D:2      | Learned a level 3 spell: Mephitic Cloud
  1503 | D:2      | Noticed Robin
  1516 | D:2      | Killed Robin
  1517 | D:2      | Reached XP level 4. HP: 20/27 MP: 0/9
  1552 | D:2      | Reached skill level 1 in Poison Magic
  1558 | D:2      | Shot with a stone by a goblin

Illustrated notes

Levels and vault maps discovered:
D:1:      scummos_arrival_simple_crosswalls, layout_basic
D:2:      layout_loops_ring, grunt_ministairs_15,
          chequers_serial_rivers_large_a, uniq_robin

Skill      XL: |  1  2  3  4 |
---------------+-------------+-----
Stealth        | 3 |  3.7
Summonings     | 2 |  2.0
Conjurations   | 2 |  2.0
Poison Magic   | 1 |  1.0
Dodging        | |  2.0
Spellcasting   | |  3.3
Translocations | |  1.0
Air Magic      | |  0.7

Action                   |  1- 3 |  4- 6 || total
-------------------------+-------+-------++-------
Melee: Dagger            |    41 |    12 ||    53
       Constrict         |    16 |     2 ||    18
       Tentacles         |     6 |     2 ||     8
 Cast: Magic Dart        |    63 |       ||    63
       Call Imp          |     2 |     2 ||     4
 Stab: Sleeping          |     1 |       ||     1
Armor: Skin              |     5 |     1 ||     6
Dodge: Dodged            |    23 |     9 ||    32
